 Dungeon Crawl Stone Soup version 0.24-a0-446-g87df720 (webtiles) character file.

Game seed: 9246792881470329098

71 Dordric the Cudgeler (level 4, -6/35 HPs)
             Began as a Demonspawn Chaos Knight on June 23, 2019.
             Was a Plaything of Xom.
             Mangled by a gnoll
             ... wielding a +0 whip
              (8 damage)
             ... on level 3 of the Dungeon.
             The game lasted 00:03:22 (1876 turns).

Dordric the Cudgeler (Demonspawn Chaos Knight)      Turns: 1876, Time: 00:03:22

Health: -6/35      AC:  5    Str: 13    XL:     4   Next: 5%
Magic:  4/4        EV: 11    Int: 13    God:    Xom [..*...]
Gold:   127        SH:  0    Dex: 13    Spells: 3/3 levels left

rFire    . . .     SeeInvis .   a - +0 mace (chaos)
rCold    . . .     Gourm    .   (no shield)
rNeg     . . .     Faith    .   b - +2 leather armour
rPois    .         Spirit   .   (no helmet)
rElec    .         Reflect  .   (no cloak)
rCorr    .         Harm     .   (no gloves)
MR       .....                  (no boots)
Stlth    +.........             (no amulet)
HPRegen  0.11/turn              (no ring)
MPRegen  0.09/turn              (no ring)

@: no status effects
A: hooves 1, powered by pain 2
a: Renounce Religion


You were on level 3 of the Dungeon.
You worshipped Xom.
You were a toy of Xom.
You were not hungry.

You visited 1 branch of the dungeon, and saw 3 of its levels.

You collected 127 gold pieces.

Inventory:

Hand Weapons
 a - a +0 mace of chaos (weapon)
Armour
 b - a +2 leather armour (worn)
Scrolls
 d - 2 scrolls of identify {unknown}
 e - a scroll of fear {unknown}
 f - 3 scrolls of teleportation
 g - a scroll of random uselessness {unknown}
 h - a scroll of amnesia {unknown}
Potions
 i - a potion of brilliance {unknown}
 j - a potion of flight {unknown}
 k - a potion of berserk rage {unknown}
Comestibles
 c - 5 rations


   Skills:
 - Level 3.0 Fighting
 + Level 4.5 Maces & Flails
 - Level 1.7 Armour
 - Level 0.8 Dodging


You had 3 spell levels left.
You didn't know any spells.
Your spell library was empty.

Dungeon Overview and Level Annotations

Branches:
Dungeon (3/15)

Altars:
Ashenzari


Innate Abilities, Weirdness & Mutations

You have large cloven feet.
You sometimes gain power by taking damage.


Message History

The gnoll hits you with a +0 whip. The gnoll hits you with a +0 halberd!
Something barely misses you.
You hit the gnoll.
A fistful of eyes flickers past your view.
The gnoll is severely wounded.
The gnoll barely misses you. Something hits you.
You are too injured to fight recklessly!
You are too injured to fight recklessly!
You are too injured to fight recklessly!
You sock something! You freeze something.
Reactivating autopickup.
You feel a bit more experienced. The gnoll completely misses you.
The gnoll hits you with a +0 club!
* * * LOW HITPOINT WARNING * * *
The gnoll misses you. The gnoll closely misses you.
The gnoll hits you with a +0 halberd.
* * * LOW HITPOINT WARNING * * *
The gnoll hits you with a +0 whip!
You die...
Xom roars with laughter!

### ### #.. #
..# #.# .##
### ..# ...!
# ####.#
#..## #
##.##.##..).
#
#...#g#.#.#.#
#
#...ggg......
#
#...#@#.#.#..
#
##..[......#
# #.##.###.##
# ###.##.# #
# #...##..
####
#.######.
...# #.# .#
...########.#
#
............#


You could see 4 gnolls.

Vanquished Creatures
  3 adders (D:2)
  An ooze (D:2)
  2 dart slugs
  An orc (D:3)
  5 goblins
  4 hobgoblins (D:1)
  4 jackals (D:1)
  A quokka (D:2)
  A ball python (D:1)
  5 bats
  A frilled lizard (D:1)
  4 kobolds
  2 rats
34 creatures vanquished.

Notes
Turn   | Place    | Note
-------+----------+-------------------------------------------
     0 | D:1      | Dordric the Demonspawn Chaos Knight began the quest for the
                  | Orb.
     0 | D:1      | Reached XP level 1. HP: 18/18 MP: 1/1
   135 | D:1      | Reached skill level 3 in Maces & Flails
   158 | D:1      | XOM: divination: magic mapping
   163 | D:1      | XOM: divination: detect creatures
   214 | D:1      | XOM: divination: detect creatures
   342 | D:1      | Gained mutation: You have large cloven feet. [demonic
                  | ancestry]
   342 | D:1      | Reached XP level 2. HP: 21/24 MP: 2/2
   772 | D:1      | XOM: divination: magic mapping
  1239 | D:2      | Gained mutation: You sometimes gain a little power by
                  | taking damage. [demonic ancestry]
  1239 | D:2      | Reached XP level 3. HP: 29/29 MP: 3/3
  1313 | D:2      | Reached skill level 4 in Maces & Flails
  1363 | D:2      | XOM: potion effect (agility)
  1493 | D:2      | Found a shattered altar of Ashenzari.
  1572 | D:2      | XOM: smoke on damage
  1573 | D:2      | Gained mutation: You sometimes gain power by taking damage.
                  | [demonic ancestry]
  1573 | D:2      | Reached XP level 4. HP: 30/35 MP: 4/4
  1876 | D:3      | Mangled by a gnoll

Levels and vault maps discovered:
D:1:      lemuel_arrival_cross, layout_loops_ring,
          chequers_serial_rivers_micro_a, hangedman_decor_slide_cut
D:2:      minmay_chambers_of_ones, layout_loops_ring, old_standard_altar,
          minmay_pentomino_w2
D:3:      layout_loops_ring, marbit_many_paths

Skill      XL: |  1  2  3 |
---------------+----------+-----
Maces & Flails | 3 4 |  4.5
Fighting       | |  3.0
Armour         | |  1.7
Dodging        | |  0.8

Action                   |  1- 3 |  4- 6 || total
-------------------------+-------+-------++-------
Melee: Mace              |    92 |     6 ||    98
       Kick              |    11 |     1 ||    12
  Use: Scroll            |     1 |       ||     1
 Stab: Petrifying        |     1 |       ||     1
       Sleeping          |     1 |       ||     1
  Eat: Chunk             |     1 |     2 ||     3
Armor: Leather armour    |    39 |       ||    39
Dodge: Dodged            |    48 |     5 ||    53

Table legend:
 A = Non-vault XP
 B = Vault XP
 C = Vault XP percentage of total XP
 D = Non-vault monster count
 E = Vault monster count
 F = Vault count percentage of total count
                 A         B        C        D         E       F
            +---------+---------+-------+---------+---------+-------
      Total |      59 |      43 |  42.2 |      27 |       7 |  20.6
            +---------+---------+-------+---------+---------+-------
        D:1 |      35 |       0 |   0.0 |      20 |       0 |   0.0
        D:2 |      19 |      43 |  69.4 |       5 |       7 |  58.3
        D:3 |       5 |       0 |   0.0 |       2 |       0 |   0.0
            +---------+---------+-------+---------+---------+-------
